 Dungeon Crawl Stone Soup version 0.30.0-3-ga4e48a9924 (webtiles) character file.

Game seed: 7377679114697435445

1451 meatpath the Cleaver (level 8, -16/74 HPs)
             Began as a Minotaur Berserker on May 7, 2023.
             Was a Priest of Trog.
             Demolished by a two-headed ogre
             ... wielding a +0 dire flail
              (18 damage)
             ... on level 5 of the Dungeon.
             The game lasted 00:08:34 (4210 turns).

meatpath the Cleaver (Minotaur Berserker)           Turns: 4210, Time: 00:08:35

Health: -16/74     AC:  6    Str: 24    XL:     8   Next: 47%
Magic:  7/7        EV: 11    Int:  4    God:    Trog [***...]
Gold:   310        SH:  5    Dex: 10    Spells: 7/7 levels left

rFire   + . .        w - +0 war axe
rCold   . . .        i - +0 buckler
rNeg    . . .        h - +0 scale mail
rPois   .            (helmet restricted)
rElec   .            (no cloak)
rCorr   .            (no gloves)
SInv    .            (no boots)
Will    .....        (no amulet) Stlth
                     e - ring of protection from fire
HPRegen 0.32/turn    (no ring)
MPRegen 0.10/turn

%: no passive effects
@: about to teleport, on berserk cooldown, slowed, very slow
A: horns 2, retaliatory headbutt
a: Renounce Religion, Berserk, Trog's Hand


You were on level 5 of the Dungeon.
You worshipped Trog.
Trog was most pleased with you.
You visited 1 branch of the dungeon, and saw 5 of its levels.

You collected 310 gold pieces.

Inventory:

Hand Weapons
 w - a +0 war axe (weapon)
Armour
 h - a +0 scale mail (worn)
 i - a +0 buckler (worn)
Jewellery
 e - a ring of protection from fire (left hand)
Wands
 b - a wand of flame (9)
 v - a wand of digging (1)
Scrolls
 a - a scroll of acquirement {unknown}
 c - 4 scrolls of teleportation
 k - a scroll of enchant weapon
 m - a scroll of silence
 o - a scroll of brand weapon
 p - 3 scrolls of poison {unknown}
 t - 2 scrolls of vulnerability
Potions
 d - a potion of flight {unknown}
 f - a potion of lignification {unknown}
 g - 2 potions of might {unknown}
 j - 3 potions of resistance {unknown}
 l - 3 potions of heal wounds {unknown}
 n - a potion of invisibility {unknown}
 q - 3 potions of curing {unknown}
 r - a potion of magic {unknown}
 s - a potion of attraction {unknown}
 u - a potion of haste {unknown}


   Skills:
 + Level 8.1 Fighting
 + Level 8.2 Axes
 - Level 2.4 Armour
 - Level 4.7 Dodging
 + Level 5.3 Shields


You had 7 spell levels left.
You didn't know any spells.
Your spell library was empty.

Dungeon Overview and Level Annotations

Branches:
Dungeon (5/15)
 Temple: D:4-7

Altars:
Fedhas
Gozag

Shops:
D:1 =

Annotations:
D:3 1 runed translucent door


Innate Abilities, Weirdness & Mutations

You have a pair of horns on your head.
You reflexively headbutt those who attack you in melee.


Message History

You kill the orc wizard!
Trog accepts your kill.
Trog appreciates your killing of a magic user.
A two-headed ogre comes into view. It is wielding two +0 dire flails.
Your Fighting skill increases to level 8!
The two-headed ogre shouts in stereo!
You slash the adder!
You kill the adder!
Trog accepts your kill.
You barely miss the iguana. You headbutt the iguana!
The iguana is severely wounded.
The iguana barely misses you. You furiously retaliate!
You headbutt the iguana!!
You kill the iguana!
Trog accepts your kill.
The scorpion stings you but does no damage.
You slash the scorpion!
The scorpion is heavily wounded.
You hit the scorpion.
The scorpion is severely wounded.
You are no longer berserk.
You are exhausted.
You feel yourself slow down. The scorpion closely misses you.
You furiously retaliate!
You headbutt the scorpion!
You kill the scorpion!
Trog accepts your kill.
You hit the two-headed ogre but do no damage.
You headbutt the two-headed ogre.
The two-headed ogre is lightly wounded.
The two-headed ogre hits you with a +0 dire flail!!
You block the two-headed ogre's attack.
As you read the scroll of teleportation, it crumbles to dust.
You feel strangely unstable.
The two-headed ogre hits you with a +0 dire flail!!
* * * LOW HITPOINT WARNING * * *
The two-headed ogre hits you with a +0 dire flail!!
* * * LOW HITPOINT WARNING * * *
Items here: ) †††.
The two-headed ogre hits you with a +0 dire flail!!
You die...

.#...#..>#
#[..#....#
.#...#...#
#...#...#..#
...........#
..#...#....#
..#...#...#
#..)#..(#..#
...#...#O@.#
..#...#.)†.#
......†....#
#...#..)#..#
...#...#...#
#!..# .....
..#..
#..####
#...#. .#.#
..... ...#


You could see a two-headed ogre.

Vanquished Creatures
  The ghost of adizb the Trooper, an amateur DsFi (D:3)
  2 sky beasts (D:5)
  An ice beast (D:5)
  2 ogres (D:5)
  2 black bears (D:5)
  A phantom (D:5)
  2 scorpions
  A hound (D:5)
  2 orc priests (D:4)
  Ijyb (D:4)
  A gnoll bouda (D:5)
  A sleepcap (D:4)
  3 iguanas (D:5)
  2 orc wizards
  3 gnolls (D:5)
  13 adders
  A river rat (D:3)
  A white imp (D:5)
  A dart slug (D:3)
  5 orcs
  An endoplasm (D:4)
  2 giant cockroaches
  5 goblins
  2 hobgoblins
  3 quokkas
  11 ball pythons
  4 bats
  5 frilled lizards
  11 kobolds
  8 rats
98 creatures vanquished.

Notes
Turn   | Place    | Note
-------+----------+-------------------------------------------
     0 | D:1      | meatpath the Minotaur Berserker began the quest for the
                  | Orb.
     0 | D:1      | Reached XP level 1. HP: 19/19 MP: 0/0
   334 | D:1      | Found Itaoleg's Jewellery Emporium.
   425 | D:1      | Reached XP level 2. HP: 27/27 MP: 1/1
   692 | D:1      | Found a faded altar of an unknown god.
   975 | D:2      | Reached ** piety under Trog
   993 | D:2      | Found an opulent altar of Gozag.
  1030 | D:2      | Reached XP level 3. HP: 32/33 MP: 2/2
  1637 | D:3      | Found a runed translucent door.
  1639 | D:3      | Noticed adizb's ghost (amateur DsFi)
  1669 | D:3      | Found a runed translucent door.
  1673 | D:3      | Reached XP level 4. HP: 41/41 MP: 3/3
  1718 | D:3      | Found a blossoming altar of Fedhas.
  2230 | D:3      | Reached skill level 5 in Fighting
  2230 | D:3      | Reached skill level 5 in Axes
  2230 | D:3      | Reached XP level 5. HP: 45/48 MP: 4/4
  2232 | D:3      | Killed adizb's ghost
  2233 | D:3      | Reached XP level 6. HP: 56/56 MP: 5/5
  2379 | D:4      | Reached *** piety under Trog
  2633 | D:4      | Noticed Ijyb
  2639 | D:4      | Killed Ijyb
  2781 | D:4      | Reached skill level 1 in Shields
  3290 | D:5      | Entered Level 5 of the Dungeon
  3295 | D:5      | Reached XP level 7. HP: 36/64 MP: 6/6
  3803 | D:5      | Found an opulent altar of Gozag.
  4100 | D:5      | Reached XP level 8. HP: 70/73 MP: 7/7
  4199 | D:5      | Reached skill level 5 in Shields
  4201 | D:5      | Noticed a two-headed ogre
  4208 | D:5      | HP: 1/74 [two-headed ogre/+0 dire flail (19)]
  4210 | D:5      | Demolished by a two-headed ogre

Illustrated notes

Levels and vault maps discovered:
D:1:      minmay_arrival_jagged, layout_basic,
          ebering_ecumenical_altar_sacrificial, serial_shops,
          nicolae_shop_behind_doors, hangedman_decor_lopped
D:2:      layout_basic, basic_altar, nrook_mini_vaults
D:3:      layout_basic, lemuel_coloured_pillars_altar, ebering_ghost_sewer_f
D:4:      layout_gridville, kennysheep_orc_chapel, uniq_ijyb
D:5:      cheibrodos_fzero, layout_basic,
          pdpol_temple_overflow_zin_treasury_gozag_greed,
          lemuel_temple_firewalk_a

Skill      XL: |  1  2  3  4  5  6  7  8 |
---------------+-------------------------+-----
Fighting       | 4 5 6 7 8 |  8.1
Axes           | 4 5 6 7 8 |  8.2
Dodging        | 3 4 |  4.7
Shields        | 2 4 5 |  5.3
Armour         | |  2.4

Action                     |  1- 3 |  4- 6 |  7- 9 || total
---------------------------+-------+-------+-------++-------
  Melee: Hand axe          |    78 |    13 |       ||    91
         Headbutt          |     8 |    12 |    11 ||    31
         War axe           |       |    55 |    61 ||   116
 Invoke: Berserk           |       |     2 |     3 ||     5
    Use: Scroll            |     3 |     3 |     1 ||     7
 Armour: Scale mail        |    26 |    21 |    36 ||    83
         Animal skin       |     3 |       |       ||     3
  Dodge: Dodged            |    59 |    32 |    36 ||   127
  Block: Buckler           |       |     1 |     9 ||    10
